 Dungeon Crawl Stone Soup version 0.30-a0-166-g5d06c95188 (webtiles) character file.

Game seed: 12657450784551127498

4 Decritt the Ruffian (level 1, 21/22 HPs)
             Began as a Troll Monk on Sept 29, 2022.
             Quit the game on level 1 of the Dungeon.
             The game lasted 00:02:03 (89 turns).

Decritt the Ruffian (Troll Monk)                      Turns: 89, Time: 00:02:04

Health: 21/22      AC:  4    Str: 18    XL:     1   Next: 58%
Magic:  0/0        EV: 10    Int:  6    God:
Gold:   17         SH:  5    Dex: 12    Spells: 0/0 levels left

rFire   . . .      SeeInvis .      - Unarmed
rCold   . . .      Faith    .    (no shield)
rNeg    . . .      Spirit   .    a - +0 robe
rPois   +          Reflect  +    (helmet restricted)
rElec   .          Harm     .    (no cloak)
rCorr   .          Rampage  .    (gloves unavailable)
Will    .....                    (boots unavailable)
Stlth   ++........               f - amulet of reflection
HPRegen 0.87/turn                e - ring of poison resistance
MPRegen 0.07/turn                (no ring)

@: no status effects
A: large, unfitting armour, claws 3, regeneration 1, shaggy fur 1, tough skin 1
a: no special abilities


You were on level 1 of the Dungeon.
You visited 1 branch of the dungeon, and saw 1 of its levels.

You collected 17 gold pieces.

Inventory:

Armour
 a - a +0 robe (worn)
Jewellery
 e - a ring of poison resistance (left claw)
 f - an amulet of reflection (around neck)
Scrolls
 c - a scroll of teleportation {unknown}
Potions
 b - a potion of ambrosia
 d - a potion of mutation {unknown}


   Skills:
 * Level 2.5 Fighting
 + Level 0.1 Armour
 + Level 2.4 Dodging
 - Level 1.0 Stealth
 * Level 3.1 Unarmed Combat


You couldn't memorise any spells.
You didn't know any spells.
Your spell library was empty.

Dungeon Overview and Level Annotations

Branches:
Dungeon (1/15)

Altars:


Innate Abilities, Weirdness & Mutations

You are too large for most types of armour.
You have claws for hands.
Your natural rate of healing is unusually fast.
You are covered in fur. (AC +1)
You have tough skin. (AC +1)


Message History

No target in view!
No target in view!
You now have 17 gold pieces (gained 7).
d - a silvery potion
e - a ring of poison resistance
f - an amulet of reflection You start putting on your amulet.
You continue putting on your amulet of reflection. x5
You finish putting on your amulet of reflection.
You feel a shielding aura gather around you.
f - an amulet of reflection (around neck)
e - a ring of poison resistance (left claw)
A giant cockroach and a frilled lizard come into view.
You scratch the giant cockroach but do no damage.
The frilled lizard hisses angrily.
The giant cockroach barely misses you.
The giant cockroach bites you but does no damage.
You closely miss the giant cockroach. The giant cockroach bites you.
You scratch the giant cockroach.
The giant cockroach is almost dead.
The giant cockroach closely misses you.
You scratch the giant cockroach.
You kill the giant cockroach!
The frilled lizard bites you but does no damage.
You see here a giant cockroach corpse.
You barely miss the frilled lizard. The frilled lizard closely misses you.
You miss the frilled lizard. You block the frilled lizard's attack.
You miss the frilled lizard. The frilled lizard bites you.
You miss the frilled lizard. The frilled lizard bites you.
You scratch the frilled lizard.
You kill the frilled lizard!
No target in view!
No target in view!
Your movement speed is average.
Your attack delay is about 0.9.
Your damage rating with unarmed combat is about 15 (Base [9 + 3 (UC)] x 120% (Str) x 110% (Skill)).
Unknown command.
Saving game... please wait.
Welcome back, Decritt the Troll Monk.
Press ? for a list of commands and other information.
Are you sure you want to abandon this character and quit the game? (Confirm with "yes".)

................#.....#
....#...#.#.....#####.#
.#..............# #.###
.............# #...#
.......#...# #.###
............ #.# ###
#.....##.#.#####.###
... ###...
#...........# ###
#.#.#@#.######
......†...# #.#.#.#.#.#
.......# #.#.#.###
........ #.#.# #.# ..
...


There were no monsters in sight!

Vanquished Creatures
  A bat (D:1)
  A giant cockroach (D:1)
  A hobgoblin (D:1)
  A frilled lizard (D:1)
4 creatures vanquished.

Notes
Turn   | Place    | Note
-------+----------+-------------------------------------------
     0 | D:1      | Decritt the Troll Monk began the quest for the Orb.
     0 | D:1      | Reached XP level 1. HP: 22/22 MP: 0/0
    89 | D:1      | Quit the game

Illustrated notes

Levels and vault maps discovered:
D:1:      evilmike_arrival_plus, layout_basic, serial_shops,
          nicolae_diamond_shop, hangedman_decor_clover_reticule,
          minmay_misc_feat_encased, st_stairs_9

Action                   || total
-------------------------++-------
Melee: Unarmed           ||    11
Armor: Robe              ||     3
Dodge: Dodged            ||     5
Block: Other             ||     1

Table legend: (Time is in decaauts)
 A = Elapsed time spent in this place.
 B = Non-inter-level travel time spent in this place.
 C = Inter-level travel time spent in this place.
 D = Time resting spent in this place.
 E = Time spent auto-exploring this place.
 F = Levels seen in this place.
 G = Mean time per level.
                   A        B        C        D        E       F      G
               +--------+--------+--------+--------+--------+-----+--------+
         Total |     87 |     87 |      0 |      0 |     56 |   1 |   87.0 |
       Dungeon |     87 |     87 |      0 |      0 |     56 |   1 |   87.0 |
               +--------+--------+--------+--------+--------+-----+--------+

Top non-repeatable levels by time:
     D:1: 87 daAuts
